AoeStats
← Herby

Pilgrims

507651445Analyzed
4v4 RM · 14d ago on Sep 19, 2026· 27m 21s· 8 players
Game mode
Random Map
Map size
Large (8 player)
Population
200
Speed
Normal
Resources
Standard
Victory
Conquest
Starting age
Dark Age
Ending age
Imperial Age
RankedLock teamsTeams togetherTeam positionsShared explorationLock speedFull tech treeHidden civsTurbo modeCheats
Victory
Defeat
🇦🇺 Armenians · Australia
1528
+12
🇺🇸 Celts · United States
1376
+19
🇭🇰 Burgundians · Hong Kong SAR China
1372
+19
🇺🇸 Britons · United States
1312
+21
🇨🇳 Persians · China
1449
-18
🇨🇳 Vikings · China
1442
-18
🇲🇽 Romans · Mexico
1430
-18
🇲🇽 Vietnamese · Mexico
1411
-17
[Pb] Komodo 3000
freedom is not free
7:08 Loom
13:02 Feudal Age
17:22 Castle Age
15:25 Fishing Lines
15:42 Double-Bit Axe
17:14 Gold Mining
18:35 Bow Saw
18:20 Gillnets
19:40 Fletching
21:32 Bodkin Arrow
25:18 Imperial Age
23:40 Clinker Construction
23:40 Bodkin Arrow
24:45 Ballistics
25:49 Medium Warships
Herby
4:03 Loom
爆汁番茄
Cain2point0
5:27 Loom
13:12 Feudal Age
16:46 Castle Age
14:35 Double-Bit Axe
14:57 Fishing Lines
15:35 Gold Mining
21:19 Imperial Age
19:22 Scale Mail Armor
19:32 Forging
19:35 Gillnets
20:12 Bow Saw
21:24 Capped Ram
23:17 Chain Mail Armor
23:37 Iron Casting
24:48 Fletching
24:59 Padded Archer Armor
25:46 Medium Warships
26:27 Bodkin Arrow
27:03 Careening
27:08 Clinker Construction
kinwaleung18
1:09 Double-Bit Axe
7:46 Fishing Lines
14:04 Feudal Age
15:31 Bow Saw
15:23 Gillnets
20:18 Castle Age
18:54 Gold Mining
21:01 Gold Shaft Mining
20:16 Horse Collar
21:15 Guilds
21:05 Loom
22:41 Two-Man Saw
24:46 Imperial Age
23:02 Medium Warships
23:19 Clinker Construction
23:25 Careening
24:36 Treadmill Crane
25:04 Siphons
24:40 Treadmill Crane
26:24 Wheelbarrow
26:25 Heavy Warships
26:15 Town Watch
NØRTHLANE
7:50 Loom
10:43 Feudal Age
14:20 Castle Age
12:34 Double-Bit Axe
12:49 Fletching
14:23 Padded Archer Armor
14:14 Gold Mining
14:38 Horse Collar
15:15 Bow Saw
15:53 Bodkin Arrow
18:09 Heavy Plow
20:40 Wheelbarrow
19:50 Town Watch
21:35 Fishing Lines
23:06 Hand Cart
24:17 Gold Shaft Mining
23:32 Stone Mining
28:24 Imperial Age
26:28 Medium Warships
27:04 Leather Archer Armor
Dr Whitman
14:15 Feudal Age
12:32 Loom
15:58 Scale Barding Armor
16:04 Forging
15:50 Fishing Lines
16:22 Double-Bit Axe
16:23 Horse Collar
25:08 Castle Age
27:12 Medium Warships
Connection lost

Rejoining the realm…

Still unreachable

The connection could not be restored.

Session expired

The server has moved on; the page needs a fresh start.